 Dungeon Crawl Stone Soup version 0.27.1-33-g824d729ab1 (webtiles) character file.

Game seed: 397811859662160637

42 lordive the Skirmisher (level 3, -1/33 HPs)
             Began as a Hill Orc Fighter on Dec 27, 2021.
             Slain by a phantom (4 damage)
             ... on level 2 of the Dungeon.
             The game lasted 00:01:58 (1514 turns).

lordive the Skirmisher (Hill Orc Fighter)           Turns: 1514, Time: 00:01:59

Health: -1/33      AC:  9    Str: 18    XL:     3   Next: 56%
Magic:  3/3        EV:  5    Int:  9    God:
Gold:   46         SH:  9    Dex: 10    Spells: 2/2 levels left

rFire    . . .     SeeInvis .   a - +0 long sword
rCold    . . .     Faith    .   c - +0 kite shield
rNeg     . . .     Spirit   .   f - +0 chain mail
rPois    .         Reflect  .   (no helmet)
rElec    .         Harm     .   (no cloak)
rCorr    .         Rampage  .   (no gloves)
Will     .....                  (no boots)
Stlth    ..........             (no amulet)
HPRegen  0.11/turn              (no ring)
MPRegen  0.08/turn              (no ring)

@: no status effects
A: no striking features
a: no special abilities


You were on level 2 of the Dungeon.
You visited 1 branch of the dungeon, and saw 2 of its levels.

You collected 46 gold pieces.

Inventory:

Hand Weapons
 a - a +0 long sword (weapon)
Armour
 c - a +0 kite shield (worn)
 f - a +0 chain mail (worn)
Jewellery
 i - a ring of magical power
Scrolls
 b - a scroll of fear {unknown}
 h - a scroll of magic mapping {unknown}
 k - a scroll of amnesia {unknown}
Potions
 d - 2 potions of might
 e - a potion of curing {unknown}
 g - a potion of magic {unknown}
 j - a potion of degeneration {unknown}


   Skills:
 + Level 4.0 Fighting
 + Level 3.0 Long Blades
 + Level 3.5 Armour
 + Level 0.2 Dodging
 + Level 3.7 Shields


You had 2 spell levels left.
You didn't know any spells.
Your spell library contained the following spells:

 Spells                   Type           Power      Damage    Failure   Level
 Gell's Gravitas          Tloc           0%         N/A       100%        3
 Lesser Beckoning         Tloc           0%         N/A       100%        3
 Teleport Other           Tloc           0%         N/A       100%        3


Dungeon Overview and Level Annotations

Branches:
Dungeon (2/15)

Altars:


Message History

Found a stone staircase leading down.
Found 11 gold pieces.
Found a viscous yellow potion.
A quokka comes into view.
A quokka is nearby!
A quokka is nearby!
A quokka is nearby!
A quokka is nearby!
A phantom comes into view.
You closely miss the quokka. The quokka bites you.
You block the quokka's attack.
You closely miss the quokka. The quokka bites you.
You block the quokka's attack.
You slash the quokka!
You kill the quokka!
You closely miss the phantom. The phantom hits you.
You closely miss the phantom. The phantom hits you. x2
You are too injured to fight recklessly!
You are too injured to fight recklessly!
You are too injured to fight recklessly!
You are too injured to fight recklessly!
You are too injured to fight recklessly!
You are too injured to fight recklessly!
You barely miss the phantom. You block the phantom's attack.
You closely miss the phantom. You block the phantom's attack.
The phantom hits you but does no damage.
You miss the phantom. You block the phantom's attack.
You hit the phantom but do no damage. The phantom barely misses you.
The phantom hits you.
The phantom blinks!
You blink.
You hit the phantom but do no damage. You block the phantom's attack.
You barely miss the phantom.
The phantom hits you but does no damage.
The phantom hits you.
You miss the phantom. The phantom hits you.
* * * LOW HITPOINT WARNING * * *
The phantom blinks!
You blink.
You miss the phantom. You block the phantom's attack. The phantom hits you.
* * * LOW HITPOINT WARNING * * *
You miss the phantom. The phantom hits you.
You die...

..#.# .. #.#.# ##.# #
#.#.##... #.#.#.#.!# ... .##
#.#.....###... ....
........#.... ....
####.........#
.....>#............#
......#@W.......$..##
.....................
......#.........#.#....#
......#.............#...
#..........##.............
#.##..#....##.............
####.........###.............
#........##..................
#........##..#####...........


You could see a phantom.

Vanquished Creatures
  A worm (D:2)
  2 bats (D:1)
  3 endoplasms
  3 giant cockroaches (D:1)
  3 goblins (D:1)
  5 hobgoblins (D:1)
  A quokka (D:2)
  6 ball pythons
  3 frilled lizards
  5 kobolds
  4 rats
36 creatures vanquished.

Vanquished Creatures (others)
  3 plants (D:1)
3 creatures vanquished.

Grand Total: 39 creatures vanquished

Notes
Turn   | Place    | Note
-------+----------+-------------------------------------------
     0 | D:1      | lordive the Hill Orc Fighter began the quest for the Orb.
     0 | D:1      | Reached XP level 1. HP: 19/19 MP: 1/1
   225 | D:1      | Reached skill level 4 in Fighting
   256 | D:1      | Reached XP level 2. HP: 17/27 MP: 2/2
   847 | D:1      | Reached XP level 3. HP: 33/33 MP: 3/3
  1499 | D:2      | Noticed a phantom
  1514 | D:2      | Slain by a phantom

Illustrated notes

Levels and vault maps discovered:
D:1:      minmay_arrival_glassed_features, layout_rooms, serial_bayou,
          serial_bayou_lake_a, serial_bayou_pond_d, serial_bayou_lagoon_a,
          serial_bayou_shore_b
D:2:      layout_rooms

Skill      XL: |  1  2  3 |
---------------+----------+-----
Fighting       | 4 |  4.0
Long Blades    | 3 |  3.0
Armour         | |  3.5
Dodging        | |  0.2
Shields        | |  3.7

Action                   || total
-------------------------++-------
Melee: Long sword        ||   115
Armor: Scale mail        ||    46
       Chain mail        ||    13
Dodge: Dodged            ||    27
Block: Kite shield       ||    69
       Rpst.: Long sword ||     8
